Map: Chain of Ascension

Players

monk

  • Race: Protoss Protoss
  • Spawn Location: 11:00

sniper

  • Race: Terran Terran
  • Spawn Location: 11:00

VOD

Have the link to the VOD?

Description

Time

  • Played on: Aug. 13, 2017, 4:40 p.m.
  • Length: 24:39
Show
View Real Time Build Order
Export as new Build Order

monk Protoss 

Build Orders:  

Get SALT Encoding   

  12  0:00  Probe (Chrono Boost)  
  13  0:12  Probe (Chrono Boost)  
  14  0:24  Probe (Chrono Boost)  
  15  0:32  Pylon  
  15  0:36  Probe (Chrono Boost)  
  16  0:48  Probe (Chrono Boost)  
  17  1:01  Probe (Chrono Boost), Forge  
  18  1:13  Probe (Chrono Boost)  
  19  1:25  Probe (Chrono Boost)  
  19  1:29  Pylon  
  20  1:37  Probe (Chrono Boost)  
  21  1:48  Photon Cannon  
  21  1:49  Probe (Chrono Boost)  
  22  2:19  Nexus  
  22  2:22  Probe (Chrono Boost)  
  23  2:32  Assimilator  
  23  2:34  Probe (Chrono Boost)  
  24  2:41  Assimilator  
  24  2:46  Probe (Chrono Boost)  
  25  2:58  Probe (Chrono Boost)  
  25  3:02  Gateway  
  26  3:10  Probe (Chrono Boost)  
  27  3:22  Probe (Chrono Boost)  
  28  3:34  Probe (Chrono Boost)  
  28  3:37  Assimilator  
  29  3:45  Assimilator  
  29  3:46  Probe (Chrono Boost)  
  30  3:57  Probe (Chrono Boost)  
  30  3:58  Probe (Chrono Boost)  
  31  4:00  Solar Efficiency Level 1  
  31  4:09  Probe (Chrono Boost)  
  32  4:10  Probe (Chrono Boost), Cybernetics Core  
  34  4:25  Probe (Chrono Boost)  
  34  4:26  Probe (Chrono Boost)  
  36  4:34  Protoss Air Weapons Level 1 (Chrono Boost)  
  36  4:37  Probe (Chrono Boost)  
  36  4:39  Probe (Chrono Boost)  
  36  4:49  Probe (Chrono Boost)  
  38  4:51  Probe (Chrono Boost)  
  38  4:59  Pylon  
  40  5:01  Probe (Chrono Boost)  
  40  5:02  Probe (Chrono Boost)  
  40  5:04  Stargate, Probe (Chrono Boost)  
  40  5:08  Probe (Chrono Boost)  
  40  5:09  Probe (Chrono Boost)  
  42  5:12  Probe (Chrono Boost)  
  42  5:15  Probe x2 (Chrono Boost)  
  48  5:45  Photon Cannon  
  47  5:53  Probe (Chrono Boost)  
  48  6:04  Probe  
  48  6:09  Fleet Beacon  
  49  6:19  Protoss Air Weapons Level 2 (Chrono Boost)  
  49  6:22  Pylon  
  49  6:27  Stargate  
  49  6:29  Stargate  
  49  6:37  Probe  
  49  6:39  Photon Cannon  
  49  6:48  Carrier (Chrono Boost)  
  56  7:24  Pylon  
  56  7:27  Pylon  
  56  7:40  Carrier (Chrono Boost)  
  56  7:42  Carrier (Chrono Boost)  
  56  7:45  Carrier (Chrono Boost)  
  68  8:13  Photon Cannon  
  68  8:15  Shield Battery  
  68  8:18  Carrier (Chrono Boost)  
  68  8:19  Photon Cannon  
  68  8:31  Pylon  
  68  8:35  Shield Battery  
  68  8:38  Shield Battery  
  74  8:45  Photon Cannon  
  74  8:52  Pylon  
  74  8:56  Photon Cannon  
  74  9:08  Photon Cannon  
  74  9:15  Protoss Air Weapons Level 3  
  74  9:29  Carrier (Chrono Boost)  
  86  9:53  Pylon  
  86  9:55  Pylon  
  92  11:02  Carrier (Chrono Boost)  
  92  11:07  Carrier (Chrono Boost)  
  98  11:55  Carrier (Chrono Boost)  
  98  11:57  Pylon  
  98  11:59  Pylon  
  104  12:03  Pylon  
  104  12:17  Carrier (Chrono Boost)  
  104  12:24  Carrier (Chrono Boost)  
  98  12:30  Carrier (Chrono Boost)  
  110  13:43  Pylon  
  110  13:44  Photon Cannon  
  110  13:47  Photon Cannon  
  110  13:49  Photon Cannon  
  110  13:53  Photon Cannon x2  
  110  13:58  Shield Battery  
  110  13:59  Shield Battery  
  116  14:02  Pylon  
  116  14:03  Carrier (Chrono Boost)  
  122  14:34  Shield Battery  
  122  14:42  Photon Cannon  
  122  14:43  Photon Cannon  
  122  14:44  Photon Cannon  
  128  14:52  Carrier (Chrono Boost)  
  128  15:13  Carrier (Chrono Boost)  
  133  15:46  Carrier (Chrono Boost)  
  139  16:22  Carrier (Chrono Boost)  
  139  16:23  Carrier (Chrono Boost)  
  139  16:29  Carrier (Chrono Boost)  
  139  16:48  Pylon  
  145  16:50  Probe  
  146  17:02  Pylon  
  150  17:21  Probe  
  151  17:36  Probe  
  158  17:45  Photon Cannon  
  158  17:48  Photon Cannon x2  
  158  17:51  Photon Cannon  
  158  17:54  Photon Cannon  
  158  17:55  Photon Cannon  
  158  17:58  Photon Cannon  
  158  17:59  Photon Cannon  
  158  18:04  Shield Battery  
  158  18:06  Shield Battery  
  158  18:26  Carrier (Chrono Boost)  
  158  18:42  Pylon  
  158  18:47  Pylon  
  158  18:48  Pylon  
  158  18:49  Pylon  
  158  19:08  Shield Battery  
  158  19:10  Pylon  
  158  19:11  Pylon  
  158  19:15  Carrier (Chrono Boost), Photon Cannon  
  158  19:17  Photon Cannon  
  158  19:18  Photon Cannon  
  164  19:39  Carrier (Chrono Boost)  
  158  19:51  Carrier (Chrono Boost)  
  170  20:24  Pylon  
  170  20:26  Carrier (Chrono Boost)  
  170  20:27  Carrier (Chrono Boost)  
  170  20:31  Carrier (Chrono Boost)  
  170  20:32  Shield Battery, Photon Cannon  
  170  20:34  Photon Cannon  
  175  21:29  Probe  
  188  22:13  Pylon  
  188  22:34  Photon Cannon  
  188  22:36  Photon Cannon  
  188  22:39  Carrier (Chrono Boost)  
  188  22:43  Photon Cannon  
  188  22:49  Photon Cannon  
  188  22:51  Photon Cannon  
  200  23:16  Pylon  
Show
View Real Time Build Order
Export as new Build Order

sniper Terran 

Build Orders:  

Get SALT Encoding   

  12  0:16  SCV  
Tags
 
Add a new tag
Caveats
  • Supply blocks, unpowered buildings, or Contaminate may cause inaccurate times.
  • Supply counts are checked every 10 seconds.